Map: Nightshade LE

Players

AgoElazer (Elazer)

  • Race: Zerg Zerg
  • Spawn Location: 11:00

INnoVation - Winner!

  • Race: Terran Terran
  • Spawn Location: 5:00

Event: Shopify TSL 5

VOD

Have the link to the VOD?

Description

Time

  • Played on: June 6, 2020, 9:12 a.m.
  • Length: 13:03

All games in this series

Show
View Real Time Build Order
Export as new Build Order

AgoElazer Zerg 

Build Orders: Hatch First 

Get SALT Encoding   

  12  0:00  Drone  
  13  0:12  Overlord  
  13  0:17  Drone  
  14  0:30  Drone x2  
  16  0:48  Hatchery  
  15  0:51  Drone  
  15  0:55  Drone  
  17  0:57  Drone  
  18  1:09  Extractor  
  17  1:12  Spawning Pool  
  17  1:16  Drone  
  17  1:19  Drone  
  18  1:28  Drone  
  19  1:39  Drone  
  20  1:49  Drone  
  21  1:59  Queen x2  
  21  2:00  Zergling x4  
  27  2:13  Hatchery  
  26  2:17  Overlord  
  26  2:21  Drone  
  27  2:23  Drone  
  28  2:31  Metabolic Boost  
  28  2:37  Drone x3  
  31  2:45  Queen  
  31  2:49  Overlord  
  33  2:52  Drone  
  33  2:56  Drone  
  33  2:57  Drone  
  36  3:09  Drone x5  
  41  3:15  Drone  
  41  3:18  Overlord  
  42  3:21  Queen  
  42  3:26  Queen  
  46  3:29  Drone  
  46  3:30  Drone  
  46  3:32  Overlord  
  48  3:40  Zergling x6  
  51  3:41  Zergling x2  
  51  3:48  Zergling x2  
  53  3:51  Drone x2  
  53  3:52  Drone, Lair  
  53  3:55  Drone x2  
  58  3:56  Drone  
  58  4:00  Drone  
  60  4:02  Queen  
  62  4:11  Drone x3  
  62  4:12  Overlord  
  62  4:13  Drone  
  62  4:14  Overlord  
  66  4:21  Extractor  
  66  4:22  Baneling Nest  
  64  4:31  Drone x2  
  64  4:35  Drone x2  
  64  4:36  Drone x6  
  74  4:42  Overlord  
  74  4:50  Overlord  
  74  4:56  Hatchery  
  74  4:59  Spore Crawler  
  72  5:00  Queen, Spore Crawler  
  72  5:03  Drone, Overlord  
  72  5:05  Extractor  
  72  5:06  Extractor, Drone x2  
  74  5:09  Drone x6  
  80  5:15  Centrifical Hooks  
  80  5:19  Overlord  
  79  5:22  Drone x2, Spore Crawler  
  79  5:23  Drone  
  81  5:36  Overlord  
  81  5:37  Evolution Chamber  
  81  5:39  Drone  
  81  5:42  Evolution Chamber, Zergling x12  
  86  5:43  Zergling x2  
  86  5:49  Drone  
  88  5:54  Zergling x2  
  89  5:57  Zergling x2  
  89  5:58  Zergling x2  
  89  6:00  Baneling x5, Hatchery  
  89  6:01  Baneling x4  
  89  6:03  Zergling x2  
  89  6:04  Zergling x8  
  95  6:06  Zerg Ground Armor Level 1  
  95  6:07  Zerg Melee Weapons Level 1  
  95  6:16  Zergling x18  
  104  6:25  Overlord x3  
  103  6:41  Overlord x2  
  103  6:44  Zergling x18  
  103  6:45  Baneling x10  
  105  6:56  Zergling x16  
  104  7:03  Zergling x12  
  103  7:13  Zergling x8  
  95  7:18  Baneling x6  
  95  7:19  Baneling  
  95  7:20  Zergling x8  
  95  7:25  Zergling x4, Hatchery  
  95  7:27  Infestation Pit  
  94  7:31  Zergling x6  
  94  7:32  Zergling x10  
  94  7:34  Zergling x2  
  94  7:35  Zergling x2  
  102  7:42  Drone x3  
  105  7:45  Drone x3  
  105  7:46  Drone x2  
  105  7:50  Drone x2, Baneling x2  
  105  7:51  Baneling x8  
  112  7:52  Drone  
  112  7:54  Drone x2  
  115  8:02  Zergling x10  
  116  8:09  Zergling x2  
  116  8:10  Zergling x12  
  101  8:14  Zergling x12  
  101  8:18  Zergling x6  
  107  8:20  Baneling x10  
  107  8:21  Zergling x2  
  108  8:28  Zergling x12  
  108  8:31  Zergling x2  
  108  8:32  Zerg Ground Armor Level 2, Zerg Melee Weapons Level 2  
  112  8:36  Zergling x2  
  112  8:37  Zergling x4  
  110  8:43  Zergling x6  
  110  8:45  Zergling x4  
  110  8:47  Zergling x8  
  110  8:48  Baneling  
  108  8:50  Baneling x5  
  108  8:52  Zergling x6  
  103  8:56  Zergling x14  
  103  9:01  Baneling x6  
  107  9:03  Zergling x2  
  107  9:04  Queen  
  107  9:06  Zergling x2  
  107  9:08  Zergling x6  
  107  9:13  Zergling x2  
  102  9:17  Zergling x2  
  102  9:22  Zergling x8  
  95  9:24  Zergling x2  
  95  9:25  Zergling x4  
  95  9:26  Queen  
  95  9:31  Zergling x6  
  102  9:32  Baneling x10  
  102  9:33  Zergling x4  
  102  9:36  Zergling x2  
  99  9:40  Zergling x4  
  100  9:47  Zergling x4  
  100  9:54  Zergling x8, Hatchery  
  100  9:58  Zergling x6  
  98  10:02  Zergling x4  
  100  10:11  Overlord x3  
  100  10:12  Hive  
  100  10:14  Baneling x3  
  100  10:18  Overlord  
  100  10:30  Zergling x8  
  100  10:31  Zergling x14  
  110  10:37  Baneling, Hatchery  
  110  10:38  Baneling x3  
  110  10:40  Zergling x2  
  110  10:41  Zergling x8  
  110  10:43  Baneling x9  
  111  10:50  Zergling x6  
  111  10:57  Zergling x8  
  114  11:06  Zergling x6  
  117  11:12  Zergling x4  
  115  11:20  Zergling x20  
  122  11:31  Ultralisk Cavern, Drone x3  
  122  11:36  Overlord x4  
  122  11:52  Hatchery  
  120  11:56  Zergling x16  
  120  11:59  Baneling x5, Hatchery  
  126  12:04  Zergling x2  
  126  12:05  Zergling x10  
  130  12:09  Zergling x8  
  106  12:40  Zergling x18  
Show
View Real Time Build Order
Export as new Build Order

INnoVation Terran - Winner!

Build Orders: Reaper Expand 

Get SALT Encoding   

  12  0:00  SCV  
  13  0:12  SCV  
  14  0:17  Supply Depot  
  14  0:25  SCV  
  15  0:38  SCV  
  15  0:40  Barracks  
  16  0:42  Refinery  
  16  0:50  SCV  
  17  1:02  SCV  
  18  1:14  SCV  
  19  1:26  Reaper  
  19  1:27  Orbital Command  
  20  1:39  Command Center  
  20  1:49  Supply Depot  
  20  1:52  SCV  
  21  1:58  Marine  
  22  2:05  SCV  
  23  2:12  Factory  
  23  2:16  Marine, Refinery  
  23  2:17  SCV  
  25  2:29  SCV  
  26  2:36  Barracks Reactor  
  26  2:41  SCV  
  27  2:51  Orbital Command  
  27  2:53  SCV  
  28  2:58  Starport  
  28  3:05  SCV  
  29  3:11  Command Center  
  29  3:17  SCV  
  29  3:18  SCV  
  29  3:19  Hellion  
  33  3:25  Hellion  
  35  3:31  SCV x2  
  37  3:35  Viking  
  37  3:39  Supply Depot  
  37  3:40  Barracks Tech Lab  
  39  3:45  SCV x2  
  41  3:52  Hellion x2  
  45  3:57  SCV  
  45  4:00  SCV  
  45  4:01  Stimpack  
  50  4:11  Starport Reactor  
  50  4:12  SCV  
  50  4:13  SCV  
  49  4:18  Barracks  
  49  4:19  Barracks  
  49  4:23  Factory Tech Lab  
  49  4:25  Orbital Command  
  49  4:27  SCV x2  
  51  4:32  Marine  
  52  4:38  Supply Depot  
  52  4:39  SCV  
  52  4:40  SCV  
  52  4:42  Siege Tank  
  57  4:50  Engineering Bay x2  
  57  4:53  Marine  
  57  4:54  SCV  
  57  4:55  SCV x2  
  57  4:57  Starport Reactor  
  57  4:58  Refinery  
  61  5:02  Refinery  
  61  5:06  SCV  
  62  5:07  SCV x2  
  62  5:10  Supply Depot  
  62  5:11  Marine  
  65  5:20  SCV x2  
  67  5:21  Terran Infantry Weapons Level 1  
  67  5:22  Terran Infantry Armor Level 1  
  67  5:24  Siege Tank, Marine x3  
  67  5:25  Marine  
  74  5:32  SCV x2, Orbital Command  
  74  5:33  Supply Depot  
  76  5:38  Barracks  
  76  5:40  Barracks, Combat Shield  
  76  5:44  SCV x2  
  76  5:46  Medivac  
  80  5:50  Medivac  
  80  5:55  Supply Depot  
  80  5:56  SCV x2  
  84  5:57  Marine x3  
  84  5:58  Marine  
  84  5:59  Marine  
  84  6:00  Supply Depot  
  89  6:05  Siege Tank  
  89  6:11  SCV  
  93  6:17  SCV x2, Marine x3  
  98  6:18  Supply Depot  
  98  6:20  Supply Depot  
  98  6:23  Medivac x2  
  98  6:24  Supply Depot  
  102  6:27  SCV  
  102  6:29  SCV x2, Barracks Reactor x2  
  102  6:30  Marine x2  
  107  6:35  Marine x2  
  109  6:40  Marine  
  109  6:41  Armory, Supply Depot  
  110  6:51  Siege Tank  
  92  6:56  Marine x4  
  92  6:57  Marine  
  92  6:59  SCV x3  
  96  7:14  Marine x4  
  96  7:15  Marine, Medivac x2  
  95  7:17  SCV x3, Marine x3  
  95  7:19  Marine  
  105  7:24  Siege Tank  
  108  7:34  SCV x3  
  108  7:35  Marine x6  
  108  7:36  Marine  
  113  7:45  Terran Infantry Weapons Level 2  
  113  7:46  Marine x2  
  115  7:51  Terran Infantry Armor Level 2  
  115  7:53  Marine x4  
  115  7:58  Marine x3  
  120  8:03  Marine  
  120  8:04  Marine  
  119  8:10  Marine  
  119  8:11  Marine x3  
  119  8:12  Siege Tank  
  112  8:16  Marine x3  
  112  8:17  SCV x3  
  116  8:21  Marine x2  
  116  8:22  Medivac x2  
  116  8:27  Supply Depot x2  
  122  8:28  Marine  
  122  8:29  Marine x3  
  122  8:33  Marine  
  122  8:34  SCV x3, Marine x2  
  127  8:39  Marine x2  
  130  8:46  Marine x4  
  130  8:47  Siege Tank  
  127  8:51  Marine x3  
  127  8:55  Medivac x2  
  124  8:57  SCV, Marine x2  
  127  9:04  Marine x4  
  127  9:09  Marine x3  
  127  9:15  Marine x2  
  128  9:22  Marine x4  
  119  9:25  SCV x3, Medivac x2  
  119  9:27  Marine x3  
  132  9:31  Siege Tank  
  132  9:32  Marine  
  132  9:33  Marine, Command Center  
  134  9:39  Marine  
  134  9:40  Marine x3  
  134  9:45  Marine x3  
  141  9:50  SCV x3, Marine x2  
  146  9:57  Marine  
  146  9:58  Marine x3  
  148  10:02  Marine  
  148  10:03  Marine x2, Supply Depot  
  148  10:05  Factory  
  149  10:11  Terran Infantry Weapons Level 3  
  149  10:13  Refinery x2  
  149  10:25  Drilling Claws, Siege Tank, Marine x3, Supply Depot  
  149  10:26  Supply Depot  
  155  10:41  SCV x3  
  155  10:44  Marine  
  155  10:45  Marine x4  
  160  10:58  Factory Reactor  
  160  11:00  SCV x3  
  163  11:11  Marine  
  164  11:17  Medivac x2  
  164  11:18  Siege Tank  
  164  11:19  Marine  
  164  11:20  Marine x7  
  164  11:25  Barracks x2  
  173  11:26  Barracks  
  173  11:28  Marine  
  175  11:32  SCV  
  175  11:33  SCV x2  
  175  11:37  Marine x2  
  179  11:40  Widow Mine x2  
  179  11:42  Sensor Tower  
  179  11:44  SCV  
  179  11:45  SCV x2, Concussive Shells  
  188  11:47  Marauder  
  188  11:56  Marine, Planetary Fortress  
  188  11:58  Marine x3  
  188  11:59  Marine  
  188  12:01  Marine  
  188  12:13  Marine  
  188  12:19  Barracks Tech Lab  
  188  12:20  Barracks Tech Lab x2  
  188  12:21  Supply Depot  
  188  12:25  Supply Depot  
  188  12:29  Marine x2  
  188  12:30  Marine x3, Widow Mine  
  188  12:31  Marine x2  
  188  12:32  Marine, Medivac x2  
  188  12:33  Marauder  
  188  12:34  Widow Mine  
  183  12:41  Marauder x3  
  187  12:54  Command Center  
Tags
 
Add a new tag
Caveats
  • Supply blocks, unpowered buildings, or Contaminate may cause inaccurate times.
  • Supply counts are checked every 10 seconds.